 Dungeon Crawl Stone Soup version 0.30-a0-916-g9813417 (webtiles) character file.

Game seed: 4601452731887053658

227 Dorkslayer the Covered (level 6, 0/38 HPs)
             Began as a Gargoyle Fighter on Apr 13, 2023.
             Slain by Dowan
             ... wielding a +0 dagger
              (4 damage)
             ... on level 4 of the Dungeon.
             The game lasted 00:16:13 (3269 turns).

Dorkslayer the Covered (Gargoyle Fighter)           Turns: 3269, Time: 00:16:15

Health: 0/38       AC: 18    Str: 22    XL:     6   Next: 2%
Magic:  6/6        EV:  6    Int:  8    God:
Gold:   276        SH:  4    Dex:  9    Spells: 5/5 levels left

rFire   . . .      SeeInvis .    a - +0 war axe
rCold   . . .      Faith    .    c - +0 buckler
rNeg    + . .      Spirit   .    l - +0 plate armour
rPois   ∞          Reflect  .    k - +0 helmet
rElec   +          Rampage  .    (no cloak)
rCorr   .                        (no gloves)
Will    .....                    e - +0 pair of boots Stlth
                                 (no amulet)
HPRegen 0.26/turn                (no ring)
MPRegen 0.10/turn                (no ring)

@: no status effects
A: sickness immunity, AC +4, negative energy resistance 1, electricity
resistance, torment resistance 1, petrification resistance
a: no special abilities


You were on level 4 of the Dungeon.
You visited 1 branch of the dungeon, and saw 4 of its levels.

You collected 276 gold pieces.

Inventory:

Hand Weapons
 a - a +0 war axe (weapon)
Missiles
 j - 2 javelins (quivered)
Armour
 c - a +0 buckler (worn)
 e - a +0 pair of boots (worn)
 k - a +0 helmet (worn)
 l - a +0 plate armour (worn)
Scrolls
 g - 2 scrolls of teleportation
 i - 2 scrolls of amnesia
Potions
 m - a potion of mutation
 o - a potion of brilliance


   Skills:
 + Level 4.0 Fighting
 + Level 2.5 Axes
 + Level 1.2 Throwing
 + Level 4.1 Armour
 * Level 2.3 Dodging
 + Level 4.1 Shields


You had 5 spell levels left.
You didn't know any spells.
Your spell library contained the following spells:

 Spells                   Type           Power      Damage    Failure   Level
 Portal Projectile        Hex/Tloc       0%         N/A       100%        3
 Tukima's Dance           Hex            0%         N/A       100%        3
 Blade Hands              Tmut           0%         N/A       100%        5


Dungeon Overview and Level Annotations

Branches:
Dungeon (4/15)
 Temple: D:4-7

Altars:
Ashenzari
Dithmenos
Nemelex Xobeh

Annotations:
D:3 1 runed translucent door, Crazy Yiuf
D:4 Dowan


Innate Abilities, Weirdness & Mutations

You are immune to sickness and miasma.
Your stone body is resilient. (AC +4)
You are immune to poison.
You resist negative energy. (rN+)
You are resistant to electric shocks. (rElec)
You are resistant to unholy torment.
You are immune to petrification.


Message History

You feel magically purged.
You float gracefully downwards.
You flicker back into view.
You feel less confused.
You feel a little less mighty now.
Your resistance to elements expires.
Duvessa zaps a wand.
The bolt of light hits you but does no damage.
Throw: 4 javelins
Press: ? - help, Q - select action Shift-Dir - straight line, f - Duvessa
Aim: Duvessa, wielding a +0 short sword, wearing a +2 leather armour of fire resistance and carrying a wand of light (4) (severely wounded, fast, 58% to hit)
You throw a javelin. The javelin pierces through Dowan.
Dowan is moderately wounded.
The javelin pierces through Duvessa!
You kill Duvessa!
Dowan screams, "No!
Oh no!"
Dowan seems to find hidden reserves of power!
Dowan casts a spell.
Dowan blinks!
Your Fighting skill increases to level 4!
Your Throwing skill increases to level 1!
Your Armour skill increases to level 4!
Your Dodging skill increases to level 2!
Your Shields skill increases to level 4!
You have reached level 6!
You completely miss Dowan.
Dowan is moderately wounded.
Dowan barely misses you.
Dowan gestures wildly while chanting.
Dowan blinks!
Throw: 3 javelins
Press: ? - help, Q - select action Shift-Dir - straight line, f - Dowan
Aim: Dowan, wielding a +0 dagger and wearing a +0 robe (moderately wounded, fast, 43% to hit)
You throw a javelin. The javelin pierces through Dowan.
Dowan is heavily wounded.
Dowan hits you but does no damage.
You barely miss Dowan.
Dowan is heavily wounded.
Dowan gestures at you while chanting. The stone arrow hits you!
* * * LOW HITPOINT WARNING * * *
Dowan hits you with a +0 dagger.
You die...

.((.. ##...##
.....# #..#.#
. ......
##.####
........##(##
...........#
........#.##
.......#).#
#.....##§##
##(.e@##
##...# ##.##
#. #. #. #.
#.


You could see Dowan (fast).

Vanquished Creatures
  Duvessa (D:4)
  Jessica (D:3)
  Terence (D:3)
  2 adders
  2 worms
  2 dart slugs (D:1)
  2 endoplasms (D:1)
  2 giant cockroaches (D:1)
  4 hobgoblins
  4 kobolds
  3 quokkas
  6 ball pythons
  6 bats
  4 frilled lizards
  8 goblins
  3 rats
51 creatures vanquished.

Vanquished Creatures (others)
  3 fungi (D:2)
  31 plants (D:2)
34 creatures vanquished.

Grand Total: 85 creatures vanquished

Notes
Turn   | Place    | Note
-------+----------+-------------------------------------------
     0 | D:1      | Dorkslayer the Gargoyle Fighter began the quest for the
                  | Orb.
     0 | D:1      | Reached XP level 1. HP: 14/14 MP: 1/1
   182 | D:1      | Reached XP level 2. HP: 8/19 MP: 2/2
   446 | D:1      | Reached skill level 1 in Dodging
   512 | D:1      | Reached XP level 3. HP: 22/23 MP: 3/3
  1492 | D:2      | Found a faded altar of an unknown god.
  1818 | D:2      | Found a broken altar of Ashenzari.
  2056 | D:3      | Found a shadowy altar of Dithmenos.
  2107 | D:3      | Noticed Jessica
  2140 | D:3      | Killed Jessica
  2141 | D:3      | Reached XP level 4. HP: 29/29 MP: 4/4
  2173 | D:3      | Noticed Terence
  2184 | D:3      | Killed Terence
  2241 | D:3      | Found a runed translucent door.
  2242 | D:3      | Noticed Crazy Yiuf
  2379 | D:3      | Found a sparkling altar of Nemelex Xobeh.
  2608 | D:3      | Reached XP level 5. HP: 24/33 MP: 5/5
  3244 | D:4      | Noticed Duvessa
  3245 | D:4      | Noticed Dowan
  3266 | D:4      | Killed Duvessa
  3267 | D:4      | Reached skill level 1 in Throwing
  3267 | D:4      | Reached XP level 6. HP: 17/38 MP: 6/6
  3269 | D:4      | Slain by Dowan

Illustrated notes

Levels and vault maps discovered:
D:1:      dpeg_chamrin_arrival_tetris, layout_basic, hangedman_decor_points,
          chequers_serial_rivers_micro_a, minmay_strange_pillars
D:2:      layout_basic, shapermc_ecumenical_altar_hornbeckon, serial_bayou,
          serial_bayou_ford_a, serial_bayou_pond_b, serial_bayou_pond_e,
          serial_bayou_lagoon_b, serial_bayou_pond_a, serial_bayou_pond_d,
          basic_altar, dreamdust_princess_bridge, corner_web_ring,
          chequers_serial_rivers_micro_a, minmay_tetromino_l4
D:3:      layout_basic, mainiacjoe_overflow_catwalk,
          grunt_dithmenos_smoke_and_mirrors, serial_glass, glass_columns_b,
          glass_columns_a, glass_columns_a, glass_columns_c, glass_columns_b,
          glass_columns_c, glass_columns_c, glass_columns_a, glass_columns_a,
          glass_columns_a, glass_columns_a, glass_columns_c, glass_columns_c,
          glass_columns_a, hangedman_decor_clover_reticule,
          kennysheep_generic_room_7, uniq_jessica, uniq_crazy_yiuf_cottage,
          uniq_terence
D:4:      layout_cave_pods, fiery_altar_vehumet, guppyfry_early_lair_pool,
          uniq_menkaure, uniq_duvessa, uniq_natasha

Skill      XL: |  1  2  3  4  5 |
---------------+----------------+-----
Axes           | 2 |  2.5
Dodging        | 1 2 |  2.3
Fighting       | 4 |  4.0
Throwing       | 1 |  1.2
Armour         | 4 |  4.1
Shields        | 4 |  4.1

Action                     |  1- 3 |  4- 6 || total
---------------------------+-------+-------++-------
  Melee: War axe           |   187 |    60 ||   247
  Throw: Javelin           |     3 |     4 ||     7
    Use: Potion            |     2 |     5 ||     7
         Scroll            |       |     8 ||     8
 Armour: Scale mail        |    93 |    20 ||   113
         Plate armour      |       |    21 ||    21
  Dodge: Dodged            |    89 |    28 ||   117
  Block: Buckler           |    44 |    15 ||    59

Table legend: (Time is in decaauts)
 A = Elapsed time spent in this place.
 B = Non-inter-level travel time spent in this place.
 C = Inter-level travel time spent in this place.
 D = Time resting spent in this place.
 E = Time spent auto-exploring this place.
 F = Levels seen in this place.
 G = Mean time per level.
                   A        B        C        D        E       F      G
               +--------+--------+--------+--------+--------+-----+--------+
         Total |   3424 |   3424 |      0 |      0 |   1781 |   4 |  856.0 |
       Dungeon |   3424 |   3424 |      0 |      0 |   1781 |   4 |  856.0 |
               +--------+--------+--------+--------+--------+-----+--------+

Top non-repeatable levels by time:
     D:2: 1138 daAuts
     D:3: 1059 daAuts
     D:1: 1025 daAuts
     D:4: 201 daAuts
